[Event "Azerbaijan Men Championship 2024"]
[Site "Baku"]
[Date "2024.04.15"]
[Round "5.9"]
[White "Hasanzade, Toghrul"]
[Black "Aslanov, Umid"]
[Result "1-0"]
[ECO "B90"]
[WhiteElo "2350"]
[BlackElo "2239"]
[Annotator "TA"]
[PlyCount "103"]
[EventDate "2024.04.11"]
[EventType "swiss"]
[EventCountry "AZE"]
[SourceTitle "playchess.com"]
[Source "ChessBase"]
[SourceQuality "1"]
[TimeControl "40/5400+30:1800+30"]

1. e4 c5 2. Nf3 d6 3. d4 cxd4 4. Nxd4 Nf6 5. Nc3 a6 6. Nf3 Nc6 7. Bf4 $1 e5 8. Bg5 Be6 {[%emt 0:01:21] The position is equal.} 9. Bxf6 Qxf6 10. Nd5 Qd8 11. h4 Qa5+ 12. c3 Bxd5 13. exd5 Ne7 14. Qb3 Qxd5 15. Bc4 Qe4+ 16. Kf1 $1 f6 (16... d5 $2 17. Be2 Qf5 18. Qxb7 $18) 17. Rd1 {[%emt 0:33:27] White wants to mate with Bf7+.} (17. Bf7+ {is interesting.} Kd7 18. Rd1 Qc6 19. h5) 17... O-O-O 18. Bd5 Nxd5 19. Rxd5 Qb1+ 20. Ne1 Rd7 21. Rh3 Qe4 22. Qd1 g5 23. hxg5 fxg5 24. Re3 Qf5 25. b4 g4 {[%emt 0:01:31] White should prevent ...Rf7.} 26. b5 {[%emt 0:02:44] Threatens to win with bxa6.} Bh6 27. Re2 {[%emt 0:01:12] bxa6 would now be deadly.} Qh5 {[%emt 0:02:17][%cal Rh5h1] [#]} 28. Rexe5 $1 Qh1+ (28... dxe5 $6 29. Rxd7 Qf5 30. Rd5 $18) 29. Ke2 {[%emt 0:00:01] [#]} g3 $1 30. Re4 {[%emt 0:06:45] Qd4 is the strong threat.} (30. Re6 axb5) 30... Rf8 (30... gxf2 $1 $15 31. Kxf2 Rf8+ 32. Nf3 Qxd1 33. Rxd1 Rf5 (33... axb5 34. Kg1 $14)) 31. f3 $14 {[%emt 0:00:39] Dancing on a razor blade.} axb5 $2 {[%emt 0:06:35][%mdl 8192] [#] White now steadily converts the win.} (31... Qg1 $1 $14) 32. Rxb5 $2 (32. Qd4 $1 $18 ) 32... Kb8 (32... Qg1 $11 33. Qd5 Kb8) 33. Qd4 $2 (33. Rxb7+ {mates} Rxb7 34. Qxd6+ Rc7 35. Rb4+ Kc8 36. Qe6+ Rd7 37. Rd4 Qxe1+ 38. Kxe1) 33... Bg7 $18 {[%emt 0:00:00] [#]} 34. Qe3 Bh6 (34... Qh6 {might work better.} 35. Re8+ Rxe8 (35... Rd8 36. Rxd8+ Rxd8 37. Qe7) 36. Qxe8+ Kc7) 35. Re8+ Rxe8 36. Qxe8+ Kc7 {[%emt 0:00:00] [#]} 37. Rxb7+ $3 Kxb7 38. Qxd7+ {[%emt 0:00:05][%mdl 4096] Endgame. KQB-KQN} Ka8 39. Qc8+ ({But not} 39. Qxh7 Qh5 40. Nd3 (40. Qg8+ Ka7 $18) 40... Kb8 $18) 39... Ka7 40. Qc7+ Ka8 41. Qxd6 Qh5 42. Nd3 {[%emt 0:02:21] aiming for Qc6+.} (42. Qxg3 Qe8+ 43. Kf1 Qb5+ 44. Kg1 (44. Kf2 Qc5+ 45. Ke2 Qc4+ 46. Kf2 Qc5+ 47. Kf1 Qc4+ 48. Kg1 Be3+ 49. Kh1 Bd2 $11) 44... Be3+ 45. Kh2 Qh5+ 46. Qh3 Qe5+ 47. g3 Qxc3 $18) 42... Qh2 (42... Qe8+ $142 43. Kf1 Bf8 44. Qxg3 Qe3) 43. Qd5+ Kb8 44. Qe5+ Ka8 45. Ne1 Kb7 46. c4 Ka7 (46... Qh4 $142 47. Qe4+ Qxe4+ 48. fxe4 Kc7) 47. Qe7+ Ka8 48. Qxh7 Qh5 49. Nd3 Qg5 50. Qe4+ Ka7 51. Qd4+ Ka6 52. Qd6+ {[%emt 0:00:35] Weighted Error Value: White=0.41/Black=0.47.  Loses game:     	---       	Black=2      Missed win:     	White=1     	---        Mistake:       	White=1     	Black=4      Inaccurate:     	White=4     	Black=1      OK:         	White=14    	Black=14     Best:        	White=3     	Black=5      Strong:       	White=2     	---} (52. Nc5+ $142 Ka5 53. Qc3+ Kb6 54. Qb4+ Kc7 55. Ne6+ Kd7 56. Nxg5 Ke8 57. Qb5+ Ke7 58. Qe5+ Kd7 59. Qe6+ (59. Qxg3 Bg7 60. Qh3+ Kd8 61. Qe6 Bd4 62. Qf7 Kc8 63. Ne6 Be5 64. Nc5 Bc7 65. Qe8+ Bd8 66. Qd7+ Kb8 67. Qb7#) 59... Kd8 60. Qxh6) 1-0

[Event "Azerbaijan Men Championship 2024"]
[Site "Baku"]
[Date "2024.04.15"]
[Round "5.10"]
[White "Sevdimaliyev, Urfan"]
[Black "Ahmad, Khagan"]
[Result "0-1"]
[ECO "B33"]
[WhiteElo "2320"]
[BlackElo "2321"]
[Annotator "TA"]
[PlyCount "84"]
[EventDate "2024.04.11"]
[EventType "swiss"]
[EventCountry "AZE"]
[SourceTitle "playchess.com"]
[Source "ChessBase"]
[SourceQuality "1"]
[TimeControl "40/5400+30:1800+30"]

1. e4 c5 2. Nf3 Nc6 3. d4 cxd4 4. Nxd4 Nf6 5. Nc3 e5 6. Ndb5 d6 7. Bg5 a6 8. Na3 b5 9. Nd5 Be7 10. Bxf6 Bxf6 11. c3 Rb8 12. Nc2 Bg5 13. Be2 O-O 14. Qd3 Be6 15. Rd1 a5 16. Na3 b4 {[%emt 0:07:18] The position is equal.} 17. Nb5 bxc3 18. bxc3 Ne7 19. h4 Bxh4 20. Ndc7 {[%emt 0:10:02] A dynamic duo of knights.} Ng6 21. g3 {[%emt 0:10:10] Repels Nf4} Be7 22. Nxe6 fxe6 23. Bg4 Rf6 {[%emt 0:14:31] aiming for ...Qb6.} 24. O-O Rb6 {[%emt 0:01:45] Black converts the advantage convincingly.} 25. a4 (25. Qc4 $15) 25... Nf8 $17 26. c4 {[%emt 0:02:46][%cal Oc4c5] c5! would now be deadly.} Nd7 27. c5 (27. Qd2 $17) 27... Nxc5 $19 28. Qc4 Rb8 29. Rd2 Qb6 30. Rfd1 {[%emt 0:00:27] [#]} Rd8 31. Kg2 Qc6 32. f3 g6 33. Qc3 h5 34. Bh3 Kg7 35. Qxa5 Nb3 36. Qc7 Qxc7 37. Nxc7 Nxd2 38. Nxe6+ $2 {[%emt 0:01:06] [#]} (38. Rxd2 Kf7 39. a5) 38... Rxe6 $1 39. Bxe6 {[%emt 0:00:08] [#]} Bg5 40. a5 Rb8 41. Ra1 Rb2 {[%emt 0:02:59] ...Nb3+ is the strong threat.} 42. a6 $2 (42. Ra2 Rxa2 (42... Nxe4+ $2 43. Rxb2 Nc5 44. Bc4 $18) 43. Bxa2) 42... Nxe4+ {[%emt 0:01:09] Weighted Error Value: White=0.45/Black=0.10 (very precise) .  Mistake:       	White=4     	---        Inaccurate:     	White=4     	Black=1      OK:         	White=6     	Black=16     Best:        	White=1     	Black=2      Brilliant:      	---       	Black=1} ({Stronger than} 42... Nb3+ 43. Kh1 Be3 (43... Nxa1 $2 {is the wrong capture.} 44. a7 $18) 44. a7 Bxa7 (44... Nxa1 $2 {loses.} 45. a8=Q $18) 45. Rxa7+ Kf6 46. Bd5 $11) 0-1

[Event "Azerbaijan Men Championship 2024"]
[Site "Baku"]
[Date "2024.04.16"]
[Round "6.1"]
[White "Muradli, Mahammad"]
[Black "Samadov, Read"]
[Result "1-0"]
[ECO "E92"]
[WhiteElo "2555"]
[BlackElo "2502"]
[Annotator "TA"]
[PlyCount "79"]
[EventDate "2024.04.11"]
[EventType "swiss"]
[EventCountry "AZE"]
[SourceTitle "playchess.com"]
[Source "ChessBase"]
[SourceQuality "1"]
[TimeControl "40/5400+30:1800+30"]

1. d4 Nf6 2. c4 g6 3. Nc3 Bg7 4. e4 d6 5. Be2 O-O 6. Nf3 e5 7. Be3 exd4 8. Nxd4 Re8 9. f3 c6 10. Bf2 d5 11. exd5 cxd5 12. O-O Nc6 13. c5 Bd7 14. Re1 Nxd4 15. Bxd4 a5 {[%emt 0:01:52] The position is equal.} 16. Qd2 Bc6 17. Nb5 Qd7 18. a4 Nh5 19. Bf2 Be5 20. Bf1 Ng7 21. Rad1 Nf5 22. b3 Bg7 (22... d4 $11 {remains equal.}) 23. Rxe8+ $16 {[%emt 0:11:16] White now steadily converts the win.} Rxe8 24. Bd3 Bf8 25. Bxf5 Qxf5 26. Nd4 (26. Qxa5 Qc2 27. Re1 Rxe1+ 28. Qxe1 Bxc5 $11 (28... Qxb3 29. Bd4 $11)) 26... Qf6 (26... Qc8 $16 {was necessary.}) 27. Qxa5 $18 h5 28. Qc3 h4 29. h3 Bd7 30. Nb5 Qg5 31. Qd2 $36 {[%emt 0:01:22][%mdl 2048] Keeping Black busy.} Qxd2 32. Rxd2 Rc8 {[%emt 0:00:14] [#]} 33. b4 $1 (33. Rxd5 Be6 34. Rd3 Bxc5 $11) (33. Bxh4 Bxb5 34. axb5 Rxc5 $11) 33... Bg7 34. Bxh4 (34. Rxd5 Bc6 35. Rd1 Ra8 $16) 34... d4 35. Nd6 (35. Nxd4 Bxa4 36. Kf2 Re8 $18) 35... Ra8 36. a5 ({Not} 36. Nxb7 Rxa4 37. Na5 Rxb4 $11) 36... Bh6 37. Rd3 Bf4 38. Bf6 {[%emt 0:01:20] [#] Black must now prevent Nc4.} ({Much less strong is} 38. Nxb7 Rb8 $18) 38... b6 $2 (38... Ra6 39. Bxd4 Bxd6) 39. cxb6 Bxd6 40. Rxd4 {[%emt 0:00:00] Weighted Error Value: White=0.09 (flawless) /Black=0.23 (precise) .  Mistake:       	---       	Black=3      Inaccurate:     	White=1     	Black=3      OK:         	White=13    	Black=8      Best:        	White=3     	---} 1-0

[Event "Azerbaijan Men Championship 2024"]
[Site "Baku"]
[Date "2024.04.16"]
[Round "6.2"]
[White "Suleymanli, Aydin"]
[Black "Iskandarov, Misratdin"]
[Result "1-0"]
[ECO "C77"]
[WhiteElo "2607"]
[BlackElo "2538"]
[Annotator "TA"]
[PlyCount "87"]
[EventDate "2024.04.11"]
[EventType "swiss"]
[EventCountry "AZE"]
[SourceTitle "playchess.com"]
[Source "ChessBase"]
[SourceQuality "1"]
[TimeControl "40/5400+30:1800+30"]

1. e4 e5 2. Nf3 Nc6 3. Bb5 a6 4. Ba4 Nf6 5. O-O Be7 6. d3 b5 7. Bb3 d6 8. a3 O-O 9. Nc3 Na5 {[%emt 0:03:01] is recently more successful than 9...Bg4. C77: Ruy Lopez: 3...a6 4 Ba4 Nf6, unusual lines.} 10. Ba2 c5 11. Nd5 Nc6 12. c3 h6 13. h3 Be6 14. Nxf6+ $146 ({Predecessor:} 14. Nh4 Rc8 15. Nf5 Bxf5 16. exf5 Nxd5 17. Bxd5 Bf6 18. f4 Ne7 19. Ba2 c4 20. fxe5 dxe5 {½-½ Zelbel,P (2458)-Braeuer,F (2428) Bundesliga 2122 2022 (4.2)}) 14... Bxf6 15. Bxe6 fxe6 16. b4 Rc8 17. Be3 c4 18. dxc4 bxc4 19. Qa4 Nb8 20. Rfd1 Qc7 21. Ra2 Be7 22. Rad2 Nd7 23. Rxd6 (23. Qxa6 Ra8 24. Rxd6 (24. Qb5 $2 Rfb8 $19) 24... Rxa6 25. Rxd7 Qb8 26. Rxe7 Rd8 $17 (26... Rxa3 $2 27. Rdd7 $18)) 23... Bxd6 24. Qxa6 Nf6 (24... Rxf3 $2 25. gxf3 Nf8 26. Qxd6 $18) 25. Rxd6 (25. Qxd6 Qxd6 26. Rxd6 Nxe4 27. Rxe6 Nxc3 28. Rxe5 Rfd8 $19) 25... Nxe4 26. Rxe6 Ra8 $1 27. Rc6 Rxa6 28. Rxc7 Nxc3 29. Rxc4 Rxa3 30. Nxe5 Nd5 31. Bc5 Rf4 32. Rc1 Nxb4 $2 {[%emt 0:03:48] [#]} (32... Re4 $11 33. Nf3 Kh7 (33... Nxb4 34. Nd2 $16)) 33. Ng6 $1 $18 Re4 34. f3 Re6 (34... Re2 $142) 35. Bxb4 $18 Ra4 $2 (35... Ra8 36. Ne7+ Kh7) 36. Rc8+ $18 Kf7 37. Nh8+ Kf6 38. Bc3+ Kg5 (38... Ke7 $142 39. Rc7+ (39. Bxg7 Kd7 $18) 39... Ke8 40. Bxg7 (40. Rxg7 Rc4 $18) 40... Ra2 41. Rc8+ Kd7) 39. Bxg7 Ra2 (39... Kf4 $142 40. Kh2 h5) 40. Kh2 $18 Kf4 41. Rc3 h5 42. Bd4 Ree2 43. Ng6+ Kg5 (43... Kf5 $142 44. Nh4+ Ke6) 44. Nh4 $1 1-0

[Event "Azerbaijan Men Championship 2024"]
[Site "Baku"]
[Date "2024.04.16"]
[Round "6.3"]
[White "Guliyev, Namig"]
[Black "Rasulov, Vugar"]
[Result "0-1"]
[ECO "C77"]
[WhiteElo "2509"]
[BlackElo "2551"]
[Annotator "TA"]
[PlyCount "82"]
[EventDate "2024.04.11"]
[EventType "swiss"]
[EventCountry "AZE"]
[SourceTitle "playchess.com"]
[Source "ChessBase"]
[SourceQuality "1"]
[TimeControl "40/5400+30:1800+30"]

1. e4 e5 2. Nf3 Nc6 3. Bb5 a6 4. Ba4 Nf6 5. Nc3 b5 6. Bb3 Be7 7. d3 O-O 8. O-O d6 9. a3 h6 10. Ne2 Be6 11. Bxe6 fxe6 {[%emt 0:00:02] The position is equal.} 12. Ng3 d5 13. Qe2 Bd6 14. c3 Qd7 15. a4 bxa4 16. Rxa4 Ne7 17. Ra5 (17. Ra2 $14) 17... c5 $11 18. Be3 ({Much worse is} 18. exd5 exd5 (18... Qc7 19. Ra4 $11) 19. Ra1 (19. Nxe5 $2 {too greedy.} Bxe5 20. Rxc5 Bc7 $19) 19... Nc6 $11) 18... Nc6 19. Ra2 a5 20. h3 Rab8 21. Nh2 d4 22. Bc1 Bc7 23. c4 (23. Re1 $11 {was preferrable.}) 23... Rb3 24. Qc2 Rfb8 25. Ng4 Nxg4 26. hxg4 Qf7 {[%emt 0:00:09] Black is more active.} 27. Bd2 Qg6 28. f3 Bd8 29. Rb1 Bg5 $36 {[%emt 0:01:12][%mdl 2048] Black fights for an advantage.} 30. Bxa5 $2 {[%emt 0:04:41][%mdl 8192] Now White is beyond hope.} (30. Bxg5 $1 $15 Qxg5 31. Nf1) 30... Be3+ $19 31. Kf1 Nxa5 32. Rxa5 {[%emt 0:00:13] White is weak on the dark squares} Qg5 {[%emt 0:00:07] And now ...Qh4 would win.} 33. Nh1 (33. Ra3 $142 Rxa3 34. bxa3) 33... Qh4 34. Nf2 {[%emt 0:00:16] [#]} Rc3 $3 35. Qe2 {[%emt 0:01:59] [#]} Rxd3 $3 {[%emt 0:00:23][%mdl 512] Hoping for ...Rd2.} 36. Nh3 (36. Rba1 Rd2) 36... Rd2 37. Qe1 Qxe1+ 38. Rxe1 Rbxb2 39. Rxc5 Rxg2 {[%emt 0:00:18] Black mates.} 40. Rb5 Rbc2 41. g5 hxg5 {[%emt 0:00:40] Weighted Error Value: White=0.82/Black=0.05 (flawless) .  Loses game:     	White=1     	---        Mistake:       	White=3     	---        Inaccurate:     	---       	Black=3      OK:         	White=7     	Black=9      Best:        	White=1     	Black=1} 0-1

[Event "Azerbaijan Men Championship 2024"]
[Site "Baku"]
[Date "2024.04.16"]
[Round "6.4"]
[White "Manafov, Vugar"]
[Black "Babazada, Khazar"]
[Result "1/2-1/2"]
[ECO "E05"]
[WhiteElo "2424"]
[BlackElo "2474"]
[Annotator "TA"]
[PlyCount "59"]
[EventDate "2024.04.11"]
[EventType "swiss"]
[EventCountry "AZE"]
[SourceTitle "playchess.com"]
[Source "ChessBase"]
[SourceQuality "1"]
[TimeControl "40/5400+30:1800+30"]

1. d4 Nf6 2. c4 e6 3. Nf3 d5 4. g3 Be7 5. Bg2 O-O 6. O-O dxc4 7. Qc2 a6 8. a4 Bd7 9. Ne5 Bc6 10. Nxc6 Nxc6 11. e3 Na5 12. Nd2 c5 13. dxc5 Rc8 14. b4 cxb3 15. Nxb3 Nxb3 16. Qxb3 Nd7 $1 17. Ba3 {[%emt 0:02:13] Threatens to win with Rfd1.} Bxc5 (17... Nxc5 $11 18. Bxc5 Bxc5) 18. Rfd1 ({White should try} 18. Qxb7 $14 Bxa3 19. Rxa3) 18... Bxa3 $11 {[%emt 0:04:41] The position is equal.} 19. Qxa3 Qc7 20. Rac1 Nc5 21. Bxb7 Qxb7 22. Rxc5 h6 23. Rcc1 Rxc1 24. Rxc1 Rc8 25. Rxc8+ Qxc8 {[%emt 0:00:05] KQ-KQ} 26. Qb3 Qc1+ 27. Kg2 Qc6+ 28. Kg1 Qc1+ 29. Kg2 Qc6+ 30. Kg1 {[%emt 0:00:05] Not much happened in this game.   Weighted Error Value: White=0.07 (flawless) /Black=0.06 (flawless) .  Mistake:       	White=1     	Black=1      OK:         	White=3     	Black=5      Best:        	White=3     	Black=1} 1/2-1/2

[Event "Azerbaijan Men Championship 2024"]
[Site "Baku"]
[Date "2024.04.16"]
[Round "6.5"]
[White "Sadikhov, Ulvi"]
[Black "Talibov, Shiroghlan"]
[Result "1-0"]
[ECO "E01"]
[WhiteElo "2497"]
[BlackElo "2373"]
[Annotator "TA"]
[PlyCount "45"]
[EventDate "2024.04.11"]
[EventType "swiss"]
[EventCountry "AZE"]
[SourceTitle "playchess.com"]
[Source "ChessBase"]
[SourceQuality "1"]
[TimeControl "40/5400+30:1800+30"]

1. c4 e6 2. g3 d5 3. Bg2 Nf6 4. Nf3 Be7 5. O-O O-O 6. d3 c5 7. cxd5 Nxd5 8. d4 Nc6 9. dxc5 Bxc5 10. a3 a5 11. Qc2 Qe7 12. e4 Nb6 {[%emt 0:03:02] The position is equal.} 13. e5 Nd4 14. Qd3 Nxf3+ 15. Qxf3 Bd4 16. Qe2 Qc5 17. Nd2 {[%emt 0:00:06] Threatens to win with Nf3.} Qxe5 18. Qd3 {[%emt 0:01:50] [#] Black must now prevent Nf3.} Rd8 (18... Bxb2 $2 {too greedy.} 19. Bxb2 Qxb2 20. Rab1 $18) (18... Qd6 $11 19. Ne4 Qd7) 19. Nf3 $14 Qd6 {[%emt 0:06:01][%mdl 8192] This move loses the game for Black.} (19... Qc5 $14 20. Be3 e5) 20. Qxd4 $18 Qxd4 21. Nxd4 Rxd4 22. Be3 Rd6 23. Bc5 {[%emt 0:00:37] Weighted Error Value: White=0.06 (flawless) /Black=0.51.  Loses game:     	---       	Black=1      Mistake:       	---       	Black=1      Inaccurate:     	White=1     	Black=1      OK:         	White=2     	Black=4      Best:        	White=4     	---} 1-0

[Event "Azerbaijan Men Championship 2024"]
[Site "Baku"]
[Date "2024.04.16"]
[Round "6.6"]
[White "Gadimbayli, Abdulla"]
[Black "Hasanzade, Toghrul"]
[Result "1/2-1/2"]
[ECO "C12"]
[WhiteElo "2489"]
[BlackElo "2350"]
[Annotator "TA"]
[PlyCount "80"]
[EventDate "2024.04.11"]
[EventType "swiss"]
[EventCountry "AZE"]
[SourceTitle "playchess.com"]
[Source "ChessBase"]
[SourceQuality "1"]
[TimeControl "40/5400+30:1800+30"]

1. e4 e6 2. d4 d5 3. Nc3 Nf6 4. Bg5 Bb4 5. e5 h6 6. Bd2 Bxc3 7. bxc3 Ne4 8. Qg4 Kf8 9. Bd3 Nxd2 10. Kxd2 c5 11. Nf3 Nc6 12. dxc5 Qa5 13. Qf4 Qxc5 14. Nd4 {[%emt 0:00:57] Active counter play!} Bd7 15. Rhb1 Nxd4 (15... Nd8 {keeps more tension.} 16. a4 Rc8 17. Rb3 a6) 16. Qxd4 Qxd4 17. cxd4 Rb8 18. Ba6 Bc6 19. Rb4 Ke7 20. Rab1 b6 21. c4 Rhd8 22. c5 Kd7 23. Bb5 Kc7 24. Ra4 Bxb5 25. Rxb5 $11 {[%emt 0:00:00][%mdl 4096] Endgame. KRR-KRR} Rb7 26. cxb6+ axb6 27. Rb3 Kd7 28. Ra6 Rdb8 29. h4 h5 30. Rg3 g6 {[%emt 0:00:08] The position is equal.} 31. Rb3 b5 32. Ke3 Rc8 33. Rd6+ Ke7 34. a4 b4 35. a5 Rc4 36. a6 Rb5 37. a7 Ra5 38. Rb6 Rxa7 39. R6xb4 Rxb4 40. Rxb4 Kf8 {[%emt 0:00:00] Weighted Error Value: White=0.07 (flawless) /Black=0.08 (flawless) .  Inaccurate:     	White=2     	Black=2      OK:         	White=12    	Black=13     Best:        	---       	Black=1} 1/2-1/2

[Event "Azerbaijan Men Championship 2024"]
[Site "Baku"]
[Date "2024.04.16"]
[Round "6.7"]
[White "Ibrahimli, Murad"]
[Black "Hamidov, Allahverdi"]
[Result "1-0"]
[ECO "D36"]
[WhiteElo "2396"]
[BlackElo "2091"]
[Annotator "TA"]
[PlyCount "61"]
[EventDate "2024.04.11"]
[EventType "swiss"]
[EventCountry "AZE"]
[SourceTitle "playchess.com"]
[Source "ChessBase"]
[SourceQuality "1"]
[TimeControl "40/5400+30:1800+30"]

1. c4 e6 2. Nc3 d5 3. d4 Nf6 4. Bg5 Be7 5. e3 Nbd7 6. cxd5 exd5 7. Bd3 h6 8. Bf4 c6 9. h3 O-O 10. Nf3 Re8 11. Qc2 Nf8 12. O-O Bd6 13. Bxd6 Qxd6 14. Rab1 N8d7 15. Rfc1 a5 16. a3 {[%emt 0:09:17] White is slightly better.} Qe7 17. Nd2 g6 18. Re1 Nf8 19. Na4 Qd8 20. b4 b5 21. Nc5 ({Inferior is} 21. Qxc6 Bd7 22. Qc2 bxa4 $17) 21... axb4 22. axb4 N6d7 23. Ncb3 Re6 24. Na5 Ra6 ({Black should try} 24... Qf6) 25. Nf3 $16 {[%emt 0:02:37] White is clearly better.} Qe8 26. Rec1 {[%emt 0:04:06][%cal Be1c1,Bc1c8,Bc8c5,Bc5c7][%mdl 32] White has more active pieces.} f6 {[%emt 0:01:13] [#]} (26... Rb6 $16 {was necessary.} 27. Ra1 h5) 27. Bxb5 $3 $18 cxb5 28. Qxc8 Qxc8 29. Rxc8 Nb6 30. Rc5 Na4 31. Rc7 {[%emt 0:01:04] Weighted Error Value: White=0.04 (flawless) /Black=0.19 (very precise) .  Mistake:       	---       	Black=2      Inaccurate:     	White=1     	Black=2      OK:         	White=10    	Black=4      Best:        	White=1     	---} (31. Rxb5 $2 {too greedy.} Nc3 32. Nb3 Nxb1 $19 (32... Nxb5 $2 33. Nc5 $19)) 1-0

[Event "Azerbaijan Men Championship 2024"]
[Site "Baku"]
[Date "2024.04.16"]
[Round "6.8"]
[White "Rustamov, Rustam"]
[Black "Suleymanli, Suleyman"]
[Result "1/2-1/2"]
[ECO "C18"]
[WhiteElo "2261"]
[BlackElo "2246"]
[Annotator "TA"]
[PlyCount "40"]
[EventDate "2024.04.11"]
[EventType "swiss"]
[EventCountry "AZE"]
[SourceTitle "playchess.com"]
[Source "ChessBase"]
[SourceQuality "1"]
[TimeControl "40/5400+30:1800+30"]

1. e4 e6 2. d4 d5 3. Nc3 Bb4 4. e5 c5 5. a3 Bxc3+ 6. bxc3 Ne7 7. Qg4 Qc7 8. Bd3 c4 9. Be2 Nf5 10. Nf3 Nc6 11. a4 Qa5 12. Bd2 Bd7 13. O-O O-O-O 14. Rfb1 f6 {[%emt 0:16:11] White must now prevent ...h5.} 15. h4 fxe5 16. dxe5 Qc7 17. Bf4 {[%emt 0:06:00] The position is equal.} Qa5 18. Bd2 Qc7 19. Bf4 Qa5 20. Bd2 Qc7 {[%emt 0:00:19] Not much happened in this game.   Weighted Error Value: White=0.14 (very precise) /Black=0.11 (very precise) .  Inaccurate:     	White=1     	Black=2      OK:         	White=2     	Black=4      Best:        	White=1     	---} 1/2-1/2

[Event "Azerbaijan Men Championship 2024"]
[Site "Baku"]
[Date "2024.04.16"]
[Round "6.9"]
[White "Abdulov, Orkhan"]
[Black "Ahmad, Khagan"]
[Result "0-1"]
[ECO "B90"]
[WhiteElo "2401"]
[BlackElo "2321"]
[Annotator "TA"]
[PlyCount "102"]
[EventDate "2024.04.11"]
[EventType "swiss"]
[EventCountry "AZE"]
[SourceTitle "playchess.com"]
[Source "ChessBase"]
[SourceQuality "1"]
[TimeControl "40/5400+30:1800+30"]

1. e4 c5 2. Nf3 d6 3. d4 cxd4 4. Nxd4 Nf6 5. Nc3 a6 6. Be3 e5 7. Nb3 Be7 8. h3 {[%emt 0:00:21] B90: Sicilian Najdorf: Unusual White 6th moves, 6 Be3 Ng4 and 6 Be3 e5.} h6 9. g4 b5 {[%emt 0:00:21] Nowadays more popular than 9...Nbd7.} 10. Nd5 Bb7 11. Bb6 Qc8 12. Nxf6+ $146 (12. Nc7+ $5 Kf8 13. f3 $11) ({Predecessor:} 12. Nxe7 Kxe7 13. f3 Nbd7 14. Ba5 Nc5 15. Qd2 Qe6 16. O-O-O Rhc8 17. Kb1 Nxb3 18. axb3 {1-0 Shirov,A (2664)-Van Foreest,J (2678) Online Olym Div2 C rapid 2020 (9.2)}) 12... Bxf6 13. Bg2 (13. Qxd6 Bxe4 14. Rg1 Be7 15. Qxe5 Bxc2 $15) 13... Nd7 14. Qxd6 Be7 15. Qc7 Qxc7 16. Bxc7 Rc8 17. Ba5 Rxc2 18. Rc1 Rxc1+ (18... Rxb2 19. Rc7 Bd8 (19... Rb1+ $2 20. Ke2 $18) 20. Rxb7 $16) 19. Nxc1 O-O 20. Nd3 Rc8 21. O-O Rc4 22. Rc1 Rxc1+ (22... Bxe4 $2 23. Rxc4 bxc4 24. Bxe4 $18) 23. Nxc1 Nc5 24. Bb4 Kf8 (24... Bxe4 $2 25. Bxe4 Nxe4 26. Bxe7 $18) 25. f3 Na4 26. Bxe7+ Kxe7 27. Nd3 Kd6 28. Kf2 Bc8 29. Ke3 (29. Bf1 $11 {is superior.}) 29... Be6 $15 30. b3 Nc3 31. Nc1 g5 (31... Kc5 $17) 32. Bf1 a5 33. a3 (33. Bd3 $11) 33... a4 (33... Nb1 $1 $15 34. Bxb5 Nxa3) 34. bxa4 $11 bxa4 35. Bd3 Kc5 36. Bc2 ({White should play} 36. Kd2 $11 Kd4 37. Ne2+ Nxe2 38. Bxe2) 36... Bc4 $15 37. Nd3+ Bxd3 38. Kxd3 Nb5 39. Bxa4 Nxa3 40. Bb3 f6 41. Ba4 Kb4 42. Bd7 Nc4 43. Be6 $2 (43. Bc8 $17) 43... Nd6 44. Bd7 {[%emt 0:00:41] [#]} Nb7 $1 45. Ke3 Kc3 $2 (45... Nc5 $19 46. Be8 Nb3) 46. Kf2 $2 (46. Be6 $15) 46... Nc5 47. Bb5 Ne6 (47... Kd2 $142 48. f4 gxf4 (48... Nxe4+ $2 49. Kf3 $19) (48... exf4 $2 49. Be8 $19)) 48. Kg3 (48. Ke3 $142 Kb3 49. Kd3) 48... Nd4 $19 49. Ba6 Kd2 50. h4 Ke3 51. hxg5 hxg5 (51... Nxf3 $2 {loses.} 52. g6 (52. gxf6 Ng5 $18) 52... f5 53. g7 (53. exf5 Ng5 $18) (53. gxf5 Nd4 $18) 53... f4+ 54. Kg2 $18) 0-1